 Dungeon Crawl Stone Soup version 0.29-a0-384-g6960b1960d (webtiles) character file.

Game seed: 772591263227532354

428248 holysushi the Acrobat (level 22, 0/183 HPs)
             Began as a Mummy Necromancer on May 7, 2022.
             Was an Initiate of Gozag.
             Slain by Jory
             ... wielding a +0 vorpal glaive
              (19 damage)
             ... on level 5 of the Vaults.
             The game lasted 03:13:08 (79376 turns).

holysushi the Acrobat (Mummy Necromancer)          Turns: 79376, Time: 03:13:08

Health: 0/183      AC: 13    Str: 11 (12) XL:     22   Next: 78%
Magic:  12/41      EV: 34    Int: 26      God:    Gozag
Gold:   2349       SH:  0    Dex: 27      Spells: 26/51 levels left

rFire   + + .      SeeInvis +   m - +9 rapier (speed)
rCold   + . .      Faith    .   (no shield)
rNeg    + + +      Spirit   .   C - +2 robe {rC+ rF+}
rPois   ∞          Reflect  .   K - +2 hat {SInv}
rElec   +          Harm     .   n - +0 cloak of Dohil {rC- Will+ Int+4 Slay+3}
rCorr   +          Rampage  .   B - +2 pair of gloves
Will    +++..                   d - +2 pair of boots "Xotut" {+Blink Stlth+}
Stlth   +++.......              N - amulet "Munuatz" {Acrobat Dex+6}
HPRegen 0.40/turn               R - ring "Ystrei" {rF+ rCorr Str-2 Int+6}
MPRegen 0.27/turn               v - ring "Corolott" {Fly rElec rF+ Int+2}

@: flying, contaminated, glowing, studying Earth Magic
A: cold resistance 1, negative energy resistance 3, torment resistance 2, heat
vulnerability 1, in touch with death 2, no potions
}: 2/15 runes: decaying, serpentine
a: Renounce Religion, Evoke Blink, Potion Petition, Call Merchant, Bribe Branch


You were on level 5 of the Vaults.
You worshipped Gozag.
Gozag was most pleased with you.
You visited 9 branches of the dungeon, and saw 43 of its levels.
You visited 2 bazaars.
You also visited: Sewer, Bailey and Ice Cave.

You collected 20947 gold pieces.
You spent 8168 gold pieces at shops.
You paid 10430 gold pieces to Gozag.

Inventory:

Hand Weapons
 m - a +9 rapier of speed (weapon)
Armour
 c - a +0 kite shield of protection
 d - the +2 pair of boots "Xotut" (worn) {+Blink Stlth+}
   (You bought it in a shop on level 1 of the Vaults)

   +Blink:    It lets you blink.
   Stlth:     It makes you more stealthy.
 n - the +0 cloak of Dohil (worn) {rC- Will+ Int+4 Slay+3}
   (You acquired it on level 5 of the Dungeon)

   Int:       It affects your intelligence (+4).
   Slay:      It affects your accuracy & damage with ranged weapons and melee
   (+3).
   rC:        It makes you vulnerable to cold.
   Will:      It increases your willpower.
 q - a scarf of repulsion
 s - an orb of guile
 x - a +2 buckler
 B - a +2 pair of gloves (worn)
 C - a +2 robe of resistance (worn)
 I - the +8 orange crystal plate armour {Archmagi, Int+3 Clar}
   (You acquired it on level 1 of the Snake Pit)

   Int:       It affects your intelligence (+3).
   Clar:      It protects you against confusion.
 K - a +2 hat of see invisible (worn)
Jewellery
 j - the ring "Dein" {Contam Str+6 Slay+3 Stlth+}
   (You took it off an ironbound preserver on level 3 of the Vaults)

   [ring of strength]

   Str:       It affects your strength (+6).
   Slay:      It affects your accuracy & damage with ranged weapons and melee
   (+3).
   Contam:    It causes magical contamination when unequipped.
   Stlth:     It makes you more stealthy.
 k - a ring of wizardry
 l - a ring of see invisible
 t - the ring of Circularity {rPois rF+ rC+ rN+ Str+2 Int-4}
   (You took it off a kobold on level 8 of the Dungeon)

   [ring of positive energy]

   Str:       It affects your strength (+2).
   Int:       It affects your intelligence (-4).
   rF:        It protects you from fire.
   rC:        It protects you from cold.
   rPois:     It protects you from poison.
   rN:        It protects you from negative energy.
 v - the ring "Corolott" (right hand) {Fly rElec rF+ Int+2}
   (You took it off a deep elf zephyrmancer on level 3 of the Elven Halls)

   [ring of flight]

   Int:       It affects your intelligence (+2).
   rF:        It protects you from fire.
   rElec:     It insulates you from electricity.
   Fly:       It grants you flight.
 G - a ring of protection from cold
 N - the amulet "Munuatz" (around neck) {Acrobat Dex+6}
   (You bought it in a shop on level 3 of the Elven Halls)

   [amulet of the acrobat]

   It increases your evasion while moving and waiting.
   Dex:       It affects your dexterity (+6).
 R - the ring "Ystrei" (left hand) {rF+ rCorr Str-2 Int+6}
   (You bought it in a shop on level 1 of the Vaults)

   [ring of intelligence]

   Str:       It affects your strength (-2).
   Int:       It affects your intelligence (+6).
   rF:        It protects you from fire.
   rCorr:     It protects you from acid and corrosion.
 T - the ring "Aplybut" {Fire Str-2 Int+8 Stlth+}
   (You took it off a yaktaur on level 4 of the Vaults)

   [ring of fire]

   It enhances your fire magic.
   Str:       It affects your strength (-2).
   Int:       It affects your intelligence (+8).
   rF:        It protects you from fire.
   rC:        It makes you vulnerable to cold.
   Stlth:     It makes you more stealthy.
Wands
 a - a wand of flame (68)
 b - a wand of paralysis (4)
 y - a wand of mindburst (24)
 z - a wand of polymorph (27)
 A - a wand of charming (9)
 F - a wand of iceblast (35)
 J - a wand of acid (11)
 L - a wand of digging (7)
Scrolls
 e - 7 scrolls of fear
 f - 16 scrolls of teleportation
 g - 3 scrolls of noise
 h - 11 scrolls of fog
 i - 10 scrolls of vulnerability
 o - 5 scrolls of brand weapon
 p - 6 scrolls of magic mapping
 r - 2 scrolls of blinking
 u - 8 scrolls of enchant armour
 w - 4 scrolls of poison
 D - 10 scrolls of amnesia
 E - 3 scrolls of silence
 H - 6 scrolls of summoning
 M - 3 scrolls of torment
Miscellaneous
 O - a lightning rod (4/4)
 P - a phantom mirror (inert)
 Q - a phial of floods
 S - a condenser vane (inert)


   Skills:
 - Level 17.8 Fighting
 - Level 14.0 Short Blades
 * Level 21.3 Dodging
 - Level 10.0 Stealth
 - Level 1.8 Unarmed Combat
 - Level 15.3 Spellcasting
 - Level 10.2 Conjurations
 - Level 7.0 Necromancy
 - Level 10.1 Transmutations
 + Level 6.6 Evocations


You had 26 spell levels left.
You knew the following spells:

 Your Spells              Type           Power      Damage    Failure   Level
a - Pain                  Necr           100%       1d9       1%          1
b - Animate Skeleton      Necr           100%       N/A       1%          1
c - Vampiric Draining     Necr           91%        2d12      1%          3
d - Animate Dead          Necr           45%        N/A       1%          4
e - Irradiate             Conj/Tmut      32%        3d24      1%          5
f - Agony                 Necr           91%        N/A       4%          5
g - Passage of Golubria   Tloc           19%        N/A       26%         4
h - Blink                 Tloc           38%        N/A       4%          2

Your spell library contained the following spells:

 Spells                   Type           Power      Damage    Failure   Level
 Magic Dart               Conj           100%       1d8       1%          1
 Passwall                 Tmut/Erth      38%        N/A       1%          2
 Static Discharge         Conj/Air       46%        N/A       1%          2
 Ignite Poison            Fire/Tmut/Pois 37%        N/A       1%          3
 Mephitic Cloud           Conj/Pois/Air  37%        N/A       1%          3
 Stone Arrow              Conj/Erth      92%        3d12      1%          3
 Dispel Undead            Necr           91%        3d29      1%          4
 Freeze                   Ice            76%        1d9       2%          1
 Sandblast                Erth           38%        2d10      2%          1
 Hailstorm                Conj/Ice       46%        3d11      3%          4
 Iskenderun's Mystic Bla  Conj/Tloc      46%        2d10      3%          4
 Petrify                  Tmut/Erth      46%        N/A       3%          4
 Sticky Flame             Conj/Fire      46%        2d6       3%          4
 Call Imp                 Summ           19%        N/A       4%          2
 Anguish                  Hex/Necr       36%        N/A       6%          4
 Frozen Ramparts          Ice            38%        1d5       8%          3
 Gell's Gravitas          Tloc           19%        N/A       8%          3
 Inner Flame              Hex/Fire       19%        N/A       8%          3
 Lesser Beckoning         Tloc           19%        N/A       8%          3
 Ozocubu's Armour         Ice            19%        N/A       8%          3
 Teleport Other           Tloc           19%        N/A       8%          3
 Tukima's Dance           Hex            19%        N/A       8%          3
 Yara's Violent Unravell  Hex/Tmut       23%        3d10      9%          5
 Cause Fear               Hex            9%         N/A       26%         4
 Conjure Ball Lightning   Conj/Air       23%        3x3d6     45%         6
 Lee's Rapid Deconstruct  Erth           9%         3d8*      58%         5
 Manifold Assault         Tloc           19%        N/A       58%         5
 Metabolic Englaciation   Hex/Ice        9%         N/A       58%         5
 Simulacrum               Ice/Necr       36%        N/A       67%         6
 Enfeeble                 Hex            9%         N/A       100%        7
 Discord                  Hex            9%         N/A       100%        8
 Chain Lightning          Conj/Air       23%        3d30      100%        9
 Fire Storm               Conj/Fire      23%        8d6       100%        9
 Shatter                  Erth           9%         3d11*     100%        9
 Sublimation of Blood     Necr           Unusable   N/A       N/A         2
 Blade Hands              Tmut           Unusable   N/A       N/A         5
 Ice Form                 Ice/Tmut       Unusable   N/A       N/A         4
 Storm Form               Tmut/Air       Unusable   N/A       N/A         7

Dungeon Overview and Level Annotations

Branches:
Dungeon (15/15)            Temple (1/1) D:4            Lair (6/6) D:8
  Swamp (4/4) Lair:4        Snake (4/4) Lair:4        Slime (0/5) Lair:5
    Orc (2/2) D:10            Elf (3/3) Orc:2        Vaults (5/5) D:13
  Crypt (3/3) Vaults:3      Sewer (visited)          Bailey (visited)
  IceCv (visited)
   Tomb: Crypt:3     Depths: D:15

Altars:
Ashenzari
Cheibriados
Dithmenos
Elyvilon
Fedhas
Gozag
Hepliaklqana
Kikubaaqudgha
Makhleb
Nemelex Xobeh
Okawaru
Qazlal
Ru
Sif Muna
Trog
Uskayaw
Vehumet
Wu Jian
Xom
Yredelemnul
Zin
The Shining One
Beogh
Jiyva

Shops:
D:1 [   D:4 *   D:6 (   D:11 :   Orc:2 *((!   Elf:3 (=**   Snake:1 ?[*?
Vaults:1 [[=*=[(*   Vaults:3 ?*   Vaults:4 [**

Annotations:
D:8 exclusion: downstairs
D:14 Roxanne
Lair:5 1 runed translucent door
Swamp:2 exclusion: downstairs
Snake:1 6 transporters
Vaults:5 Jory


Innate Abilities, Weirdness & Mutations

You are immune to poison.
Your flesh is cold resistant. (rC+)
You are immune to negative energy. (rN+++)
You are immune to unholy pain and torment.
You are vulnerable to heat. (rF-)
You are strongly in touch with the powers of death.
You do not drink.


Message History

Jory shimmers and vanishes!
Jory hits you with a +0 vorpal glaive!! Jory bites you.
Casting: Irradiate (mildly dangerous; 1% risk of failure)
Confirm with . or Enter, or press ? or * to list all spells.
You erupt in a fountain of uncontrolled magic!
Jory is blasted with magical radiation!!
Jory is heavily damaged.
Jory hits you with a +0 vorpal glaive!! Jory closely misses you.
Unknown command.
Casting: Irradiate (mildly dangerous; 1% risk of failure)
Confirm with . or Enter, or press ? or * to list all spells.
You erupt in a fountain of uncontrolled magic!
Jory is blasted with magical radiation!!
Jory is heavily damaged.
You are lightly contaminated with residual magic.
Jory hits you with a +0 vorpal glaive!!!
Jory bites you but does no damage.
Casting: Irradiate (mildly dangerous; 1% risk of failure)
Confirm with . or Enter, or press ? or * to list all spells.
You erupt in a fountain of uncontrolled magic!
Jory is blasted with magical radiation!!
Jory is severely damaged.
You are contaminated with residual magic.
Jory barely misses you. Jory misses you.
Casting: Irradiate (mildly dangerous; 1% risk of failure)
Confirm with . or Enter, or press ? or * to list all spells.
You erupt in a fountain of uncontrolled magic!
Jory is blasted with magical radiation!
Jory is severely damaged.
Jory points at you and mumbles some strange words.
The crystal spear hits you!!!
* * * LOW HITPOINT WARNING * * *
Casting: Irradiate (mildly dangerous; 1% risk of failure)
Confirm with . or Enter, or press ? or * to list all spells.
You erupt in a fountain of uncontrolled magic!
Jory is blasted with magical radiation!!
Jory is almost destroyed.
Jory hits you with a +0 vorpal glaive!!
You die...
Your body crumbles into a pile of gold.

##.#..$.# ##..#$.$.#
##...#.$..######.
##...##$$..#.$...#
##}$)$##...$#.....#
#...[.)#.$..#$....#
........##.$$$.........
###########V.)[[)..#####
....$.$.@[<<)$$...$.
........[<[$<$..$...
....$..$$$<<$$[$..$.
......$$$.[.[...$$..
#######.....)$.#####
.........$...#
...$$#....#$....
###.$#.$.$##.....
#$..#....# #....


You could see Jory.

Vanquished Creatures
  A dread lich (Vaults:5)
  Mara (Snake:3)
  Bai Suzhen (Snake:4)
  2 golden dragons (Vaults:4)
  A lich (Vaults:1)
  2 tentacled monstrosities (Vaults:4)
  Jorgrun (Swamp:3)
  Asterion (Elf:1)
  3 titans
  A quicksilver dragon (Vaults:4)
  2 deep elf blademasters (Elf:3)
  2 deep elf master archers (Elf:3)
  Gastronok (D:11)
  5 ancient champions
  3 thorn hunters (Swamp:4)
  Frances (Swamp:2)
  Kirke (D:14)
  A revenant (Crypt:1)
  7 sphinxes
  5 shadow dragons
  3 tengu reavers
  3 nagarajas
  2 storm dragons (Vaults:4)
  4 frost giants
  A fenstrider witch (Swamp:3)
  4 fire giants
  2 iron dragons (Vaults:4)
  16 vault wardens
  Aizul (Snake:2)
  4 deep elf sorcerers
  4 deep elf elementalists (Elf:3)
  An orc warlord (Orc:1)
  16 ironbound preservers
  4 war gargoyles
  3 ghouls (Crypt:1)
  The ghost of Kesmoz the Impaler, a journeyman MfBe of Trog (Lair:4)
  3 ironbound thunderhulks
  2 stone giants (Vaults:4)
  Nessos (Orc:2)
  5 very ugly things
  8 vampire knights
  9 deep elf annihilators (Elf:3)
  11 deep elf demonologists
  4 eleionomae
  4 entropy weavers
  6 bunyips
  15 dire elephants
  Azrael (Elf:1)
  A white draconian (IceCv)
  The ghost of Dorraepp the Carver, a journeyman DsAr of Gozag (Snake:2)
  4 crystal guardians
  8 deep elf death magi
  8 eidola
  12 jiangshi
  5 ettins
  Josephine (Lair:5)
  A quicksilver dragon zombie (Crypt:1)
  2 shambling mangroves
  29 vault guards
  18 yaktaur captains
  A rakshasa (D:15)
  5 great orbs of eyes
  A spriggan zombie (Crypt:1)
  The ghost of domi the Fighter, a journeyman DsWz of Gozag (D:10)
  20 hydras
  Erolcha (D:11)
  7 boulder beetles
  4 deep elf high priests
  5 salamander tyrants (Snake:4)
  An ogre mage (Vaults:5)
  4 peacekeepers
  2 ghost crabs
  8 ironbound frosthearts
  3 catoblepae
  15 anacondas
  A death knight (Crypt:1)
  6 two-headed ogres
  7 alligators
  6 naga warriors
  4 vampire magi
  19 centaur warriors
  6 naga sharpshooters
  6 death yaks
  A titan zombie (Vaults:5)
  7 orc high priests
  13 shock serpents
  Nergalle (D:11)
  11 deep elf knights
  A titan skeleton (Crypt:1)
  2 salamander mystics (Snake:4)
  A fire crab (Lair:4)
  4 goliath frogs
  23 skeletal warriors
  A golden dragon zombie (Crypt:2)
  A flayed ghost (Crypt:2)
  An anaconda zombie (Crypt:1)
  3 naga ritualists
  8 phantasmal warriors
  41 deep trolls
  13 swamp dragons
  4 spriggan druids
  A glowing orange brain (Vaults:1)
  8 bog bodies
  3 wizards
  An orange crystal statue (IceCv)
  13 deep elf archers
  19 deep elf zephyrmancers
  8 lindwurms
  12 ironbound convokers
  5 harpies (Vaults:1)
  5 necromancers
  An iron dragon zombie (Crypt:1)
  13 salamanders
  21 deep elf pyromancers
  An anaconda skeleton (Crypt:1)
  7 mana vipers
  A wolf spider zombie (Crypt:2)
  11 orc knights
  A human zombie (Vaults:5)
  6 cyclopes
  An oklob plant (Lair:5)
  3 manticores (D:14)
  3 orc sorcerers (Elf:1)
  5 will-o-the-wisps
  42 ugly things
  An iron dragon skeleton (Crypt:1)
  13 elephants (Lair:6)
  37 black mambas
  A moth of wrath (shapeshifter) (Vaults:4)
  8 naga magi
  A naga zombie (Crypt:1)
  23 vault sentinels
  An eye of devastation (shapeshifter) (Vaults:5)
  A shock serpent skeleton (Crypt:2)
  8 guardian serpents (Snake:4)
  A catoblepas zombie (Crypt:1)
  3 gargoyles
  A yaktaur zombie (Vaults:4)
  16 cane toads
  A minotaur zombie (Crypt:1)
  33 yaktaurs
  11 komodo dragons
  An efreet (D:15)
  2 unseen horrors (D:12)
  24 rime drakes
  A harpy zombie (Crypt:1)
  A tengu conjurer (D:14)
  9 freezing wraiths
  A grey draconian skeleton (Crypt:1)
  3 trolls
  A meliai (shapeshifter) (Elf:2)
  22 polar bears
  8 tyrant leeches
  10 hornets
  2 tarantellas
  A guardian serpent zombie (Crypt:3)
  11 blink frogs
  20 slime creatures
  6 air elementals
  A centaur simulacrum (D:14)
  8 flying skulls
  A jumping spider (Vaults:3)
  2 shadows
  An ettin skeleton (Vaults:4)
  3 wyverns
  7 wraiths
  A yak (shapeshifter) (Vaults:4)
  5 fire elementals
  15 spriggans
  A hog (D:14)
  12 basilisks
  44 yaks
  An alligator snapping turtle simulacrum (Crypt:1)
  A vampire (D:11)
  A water elemental (Elf:2)
  6 redbacks
  9 vampire mosquitoes
  A two-headed ogre zombie (Crypt:1)
  3 wargs (Orc:2)
  12 swamp worms
  26 nagas
  3 acid dragons
  A deep troll zombie (Crypt:1)
  A glowing shapeshifter zombie (Crypt:2)
  2 hell hounds (Elf:1)
  11 water moccasins
  53 orc warriors
  5 swamp drakes (Swamp:4)
  A cane toad skeleton (Crypt:2)
  5 black bears
  A sky beast (D:6)
  2 ice beasts (shapeshifter)
  An ice dragon simulacrum (Crypt:1)
  4 boggarts (Lair:6)
  An ettin simulacrum (Crypt:1)
  30 wolves
  6 centaurs
  8 ogres
  A phantom (D:7)
  A kobold brigand (D:8)
  15 bullfrogs
  An elf zombie (Crypt:1)
  4 necrophages
  7 earth elementals
  A human skeleton (Vaults:4)
  5 scorpions
  5 wights
  A polar bear zombie (Crypt:2)
  A warg skeleton (Crypt:1)
  18 killer bees
  2 spriggan skeletons (Crypt:1)
  An electric eel (Elf:3)
  8 howler monkeys
  3 human simulacra
  3 jellies
  2 hounds (D:5)
  A bullfrog skeleton (Crypt:2)
  37 orc priests
  2 iguanas
  18 orc wizards
  3 hell rats (Lair:2)
  A statue (D:3)
  An ogre zombie (Crypt:2)
  9 gnolls
  7 adders
  4 river rats (Lair:2)
  A swamp drake zombie (Crypt:2)
  3 shadow imps
  A steam dragon skeleton (Crypt:3)
  2 white imps
  An adder skeleton (Crypt:1)
  2 worms
  3 dart slugs
  85 orcs
  8 ball pythons
  6 endoplasms
  6 giant cockroaches
  14 hobgoblins
  7 jackals
  2 quokkas
  3 bats
  5 frilled lizards
  24 goblins
  A jackal skeleton (Crypt:1)
  A jackal zombie (Crypt:1)
  13 kobolds
  9 rats
1668 creatures vanquished.

Vanquished Creatures (collateral kills)
  A wolf (Lair:6)
1 creature vanquished.

Vanquished Creatures (others)
  A stone giant (Vaults:5)
  A hydra (Swamp:1)
  16 dancing weapons
  A deep elf knight (Elf:2)
  A goliath frog (Swamp:1)
  A deep troll (Vaults:5)
  A deep elf pyromancer (Elf:2)
  2 deep elf zephyrmancers (Elf:3)
  A slime creature (Vaults:1)
  2 yaktaurs (Vaults:4)
  A freezing wraith (Vaults:5)
  8 bloated husks
  A hornet (Swamp:4)
  2 swamp worms (Swamp:1)
  A bush (Lair:3)
  16 foxfires
  44 fungi
  85 plants
185 creatures vanquished.

Grand Total: 1854 creatures vanquished

Notes
Turn   | Place    | Note
-------+----------+-------------------------------------------
     0 | D:1      | holysushi the Mummy Necromancer began the quest for the
                  | Orb.
     0 | D:1      | Reached XP level 1. HP: 13/13 MP: 4/4
   278 | D:1      | Reached XP level 2. HP: 4/20 MP: 1/5
   726 | D:1      | Found Boxkazot's Antique Armour Boutique.
  1082 | D:1      | Reached skill level 1 in Fighting
  1386 | D:2      | Reached skill level 1 in Unarmed Combat
  1434 | D:2      | Gained mutation: You are in touch with the powers of death.
                  | [Mummy growth]
  1434 | D:2      | Reached XP level 3. HP: 26/26 MP: 5/7
  1840 | D:2      | Reached XP level 4. HP: 24/32 MP: 5/8
  2100 | D:2      | Learned a level 1 spell: Animate Skeleton
  2104 | D:2      | Learned a level 3 spell: Vampiric Draining
  2267 | D:2      | Found a faded altar of an unknown god.
  2667 | D:3      | Found a radiant altar of Vehumet.
  2667 | D:3      | Noticed a charred statue
  2745 | D:3      | Reached skill level 5 in Necromancy
  3165 | D:3      | Found a glowing drain.
  3178 | Sewer    | Entered a sewer
  3240 | Sewer    | Noticed a water moccasin
  3251 | Sewer    | Killed a water moccasin
  3252 | Sewer    | Reached skill level 2 in Dodging
  3252 | Sewer    | Reached XP level 5. HP: 37/37 MP: 0/10
  3523 | D:3      | Found a bloodstained altar of Trog.
  3750 | D:4      | Found Zin's Purification Station.
  3787 | D:4      | Noticed a black bear
  3794 | D:4      | Learned a level 4 spell: Animate Dead
  3799 | D:4      | Killed a black bear
  3800 | D:4      | Reached XP level 6. HP: 43/43 MP: 7/12
  3913 | D:4      | Reached skill level 3 in Dodging
  4022 | D:4      | Noticed an orc warrior
  4230 | D:4      | Killed an orc warrior
  4231 | D:4      | Reached XP level 7. HP: 48/48 MP: 2/13
  4549 | D:4      | Found a staircase to the Ecumenical Temple.
  4646 | Temple   | Entered the Ecumenical Temple
  5040 | Temple   | Became a worshipper of Gozag Ym Sagoz the Greedy
  5250 | D:5      | Entered Level 5 of the Dungeon
  5374 | D:5      | Reached skill level 4 in Dodging
  5555 | D:5      | Found a hazy altar of Hepliaklqana.
  5556 | D:5      | Found a shimmering altar of Xom.
  5558 | D:5      | Found a shadowy altar of Dithmenos.
  5571 | D:5      | Found a shimmering blue altar of Sif Muna.
  6306 | D:6      | Reached XP level 8. HP: 44/57 MP: 14/14
  6439 | D:5      | Reached skill level 5 in Spellcasting
  6511 | D:6      | Found a hide-covered altar of Uskayaw.
  6554 | D:6      | Reached skill level 5 in Dodging
  7057 | D:6      | Found Xuacw's Weapon Emporium.
  7080 | D:5      | Identified a scroll of acquirement
  7080 | D:5      | Acquired the +0 cloak of Dohil {rC- Will+ Int+4 Slay+3}
  7277 | D:6      | Learned a level 5 spell: Irradiate
  7378 | D:7      | Found a blossoming altar of Fedhas.
  7483 | D:7      | Reached skill level 6 in Dodging
  7667 | D:7      | Reached XP level 9. HP: 65/65 MP: 19/19
  8549 | D:8      | Identified the ring of Circularity {rPois rF+ rC+ rN+ Str+2
                  | Int-4}
  8706 | D:8      | Reached skill level 5 in Fighting
  9074 | D:8      | Found a staircase to the Lair.
  9242 | D:8      | Reached skill level 1 in Short Blades
  9250 | D:8      | Reached skill level 7 in Dodging
  9456 | D:9      | Noticed a troll
  9576 | D:9      | Reached XP level 10. HP: 60/76 MP: 12/23
 10415 | D:9      | Found a broken altar of Ashenzari.
 10421 | D:9      | Found an ancient bone altar of Kikubaaqudgha.
 10426 | D:9      | Found a snail-covered altar of Cheibriados.
 10880 | D:9      | Reached skill level 1 in Transmutations
 10908 | D:9      | Reached skill level 1 in Conjurations
 10960 | D:10     | Entered Level 10 of the Dungeon
 11003 | D:10     | Found a flagged portal.
 11012 | Bailey   | Entered a bailey
 11120 | Bailey   | Reached skill level 10 in Spellcasting
 11601 | Bailey   | Reached skill level 8 in Dodging
 11655 | Bailey   | Noticed an orc warlord
 11712 | Bailey   | Reached XP level 11. HP: 79/84 MP: 2/25
 11928 | D:10     | Noticed a two-headed ogre
 11939 | D:10     | Killed a two-headed ogre
 12207 | D:10     | Found a staircase to the Orcish Mines.
 12233 | D:10     | Found a runed translucent gate.
 12233 | D:10     | Found a runed translucent gate.
 12233 | D:10     | Found a runed translucent gate.
 12238 | D:10     | Noticed domi's ghost (journeyman DsWz)
 12414 | D:10     | Noticed a centaur warrior
 12424 | D:10     | Killed a centaur warrior
 12973 | Lair:1   | Entered Level 1 of the Lair of Beasts
 14292 | Lair:2   | You fall into a shaft and drop 1 floor!
 14292 | Lair:3   | Noticed a catoblepas
 14326 | Lair:3   | Reached skill level 5 in Short Blades
 14486 | Lair:3   | Reached XP level 12. HP: 74/94 MP: 25/27
 14870 | Lair:2   | Noticed a catoblepas
 14920 | Lair:2   | Reached skill level 9 in Dodging
 15583 | Lair:2   | Killed a catoblepas
 16438 | Lair:3   | Killed a catoblepas
 17518 | Lair:4   | Noticed a death yak
 17519 | Lair:4   | Noticed a death yak
 17520 | Lair:4   | Noticed a death yak
 17520 | Lair:4   | Noticed a death yak
 17521 | Lair:4   | Noticed a death yak
 17547 | Lair:3   | Killed a death yak
 17758 | Lair:4   | Noticed a death yak
 17787 | Lair:3   | Killed a death yak
 18213 | Lair:4   | Found a staircase to the Swamp.
 18389 | Lair:3   | Killed a death yak
 18434 | Lair:3   | Killed a death yak
 18435 | Lair:3   | Gained mutation: You are strongly in touch with the powers
                  | of death. [Mummy growth]
 18435 | Lair:3   | Reached XP level 13. HP: 94/101 MP: 24/29
 18500 | Lair:4   | Found a runed translucent door.
 18500 | Lair:4   | Found a shimmering altar of Xom.
 18500 | Lair:4   | Noticed Kesmoz's ghost (journeyman MfBe)
 18649 | Lair:4   | Reached skill level 10 in Dodging
 18695 | Lair:4   | Identified the +5 lajatang "Ogreslayer" {chaos, rPois
                  | Str+3}
 18831 | Lair:4   | Found a staircase to the Snake Pit.
 19589 | Lair:5   | Identified the +4 chain mail of Melid {Rampage rC+ Will+}
 19714 | Lair:5   | Found a runed translucent door.
 19715 | Lair:5   | Found a viscous altar of Jiyva.
 19719 | Lair:5   | Found a staircase to the Slime Pits.
 19726 | Lair:5   | Reached skill level 5 in Conjurations
 19828 | Lair:5   | Reached skill level 5 in Transmutations
 20358 | Lair:5   | Noticed Josephine
 20874 | Lair:5   | Killed Josephine
 20875 | Lair:5   | Reached skill level 1 in Evocations
 21067 | Lair:6   | Entered Level 6 of the Lair of Beasts
 21079 | Lair:5   | Reached skill level 10 in Fighting
 21838 | Lair:6   | Found a blossoming altar of Fedhas.
 22363 | Lair:6   | Reached skill level 11 in Dodging
 22363 | Lair:6   | Reached XP level 14. HP: 54/111 MP: 1/31
 23814 | Orc:1    | Entered Level 1 of the Orcish Mines
 23996 | Orc:1    | Noticed an orc warlord
 24106 | Orc:1    | Killed an orc warlord
 24506 | Orc:1    | Learned a level 5 spell: Agony
 24720 | Orc:2    | Entered Level 2 of the Orcish Mines
 24771 | Orc:2    | Found a staircase to the Elven Halls.
 25617 | Orc:2    | Found Uparou's Distillery.
 25617 | Orc:2    | Found Guruita's Assorted Antiques.
 25618 | Orc:2    | Found Raozxeo's Weapon Shop.
 25618 | Orc:2    | Found Gokusuif's Weapon Boutique.
 25629 | Orc:2    | Bought a scroll of blinking for 262 gold pieces
 25990 | Orc:2    | Noticed Nessos
 26006 | Orc:2    | Killed Nessos
 26007 | Orc:2    | Reached skill level 12 in Dodging
 26669 | Snake:1  | Entered Level 1 of the Snake Pit
 26757 | Snake:1  | Learned a level 4 spell: Passage of Golubria
 26825 | Snake:1  | Found a transporter.
 27154 | Snake:1  | Found a transporter.
 27154 | Snake:1  | Found a transporter.
 27238 | Snake:1  | Found a transporter.
 27241 | Snake:1  | Found a transporter.
 27257 | Snake:1  | Found Bumanwag's Magic Scroll Shop.
 27259 | Snake:1  | Found Vijarani's General Store.
 27261 | Snake:1  | Found Pureel Lafy's Armour Shop.
 27265 | Snake:1  | Bought a scroll of enchant armour for 82 gold pieces
 27265 | Snake:1  | Bought a scroll of enchant weapon for 82 gold pieces
 27265 | Snake:1  | Bought a scroll of enchant armour for 82 gold pieces
 27265 | Snake:1  | Bought a scroll of teleportation for 33 gold pieces
 27265 | Snake:1  | Bought a scroll of fear for 38 gold pieces
 27265 | Snake:1  | Bought a scroll of magic mapping for 38 gold pieces
 27265 | Snake:1  | Bought a scroll of poison for 38 gold pieces
 27267 | Snake:1  | Bought a scroll of teleportation for 54 gold pieces
 27510 | Snake:1  | Found Eleank's Magic Scroll Shop.
 27525 | Snake:1  | Bought a scroll of teleportation for 42 gold pieces
 27525 | Snake:1  | Bought a scroll of teleportation for 42 gold pieces
 27525 | Snake:1  | Bought a scroll of summoning for 133 gold pieces
 27525 | Snake:1  | Bought a scroll of acquirement for 728 gold pieces
 27526 | Snake:1  | Acquired the +8 orange crystal plate armour {Archmagi,
                  | Int+3 Clar}
 27526 | Snake:1  | Found the +8 orange crystal plate armour {Archmagi, Int+3
                  | Clar}
 27630 | Snake:1  | Found a transporter.
 27924 | Snake:2  | Reached XP level 15. HP: 64/119 MP: 26/32
 28138 | Snake:2  | Found a runed translucent door.
 28139 | Snake:2  | Noticed Dorraepp's ghost (journeyman DsAr)
 28317 | Snake:2  | Killed Dorraepp's ghost
 28411 | Snake:3  | Found a blossoming altar of Fedhas.
 28566 | Snake:3  | Reached skill level 5 in Stealth
 28616 | Snake:3  | Noticed a nagaraja
 28638 | Snake:3  | Killed a nagaraja
 29021 | Snake:3  | Reached skill level 13 in Dodging
 29821 | Snake:3  | Noticed Aizul
 29844 | Snake:3  | Noticed Mara
 29915 | Snake:2  | Killed Aizul
 30022 | Swamp:1  | Entered Level 1 of the Swamp
 30237 | D:11     | Found Yraargh's Book Shop.
 30242 | D:11     | Bought an Inescapable Atlas for 442 gold pieces
 30245 | D:11     | Learned a level 2 spell: Blink
 30309 | D:11     | Noticed Nergalle
 30316 | D:11     | Killed Nergalle
 30367 | D:11     | Noticed Gastronok
 30385 | D:11     | Killed Gastronok
 30627 | D:11     | Noticed Erolcha
 30635 | D:11     | Killed Erolcha
 31502 | D:12     | Found a sparkling altar of Nemelex Xobeh.
 31865 | D:13     | Identified the +6 quarterstaff "Worch" {elec, +Blink rN+
                  | Will++}
 31995 | D:13     | Found a gate to the Vaults.
 32736 | D:14     | Identified Roxanne's Almanac of the Geomancers
 32736 | D:14     | Noticed Roxanne
 32889 | D:14     | Found a frozen archway.
 32895 | IceCv    | Entered an ice cave
 32918 | IceCv    | Reached XP level 16. HP: 127/129 MP: 28/33
 32957 | IceCv    | Reached skill level 14 in Dodging
 33735 | IceCv    | Reached skill level 10 in Short Blades
 34417 | D:14     | Found a shimmering altar of Xom.
 34418 | D:14     | Found a shimmering altar of Xom.
 34418 | D:14     | Found a shimmering altar of Xom.
 34453 | D:14     | Noticed Kirke
 34491 | D:14     | Killed Kirke
 34566 | D:14     | Found a shimmering altar of Xom.
 34951 | D:15     | Entered Level 15 of the Dungeon
 35505 | D:15     | Found a shadowy altar of Dithmenos.
 35941 | D:15     | Found a hide-covered altar of Uskayaw.
 36629 | Snake:3  | Noticed holysushi's illusion
 36685 | Snake:4  | Entered Level 4 of the Snake Pit
 36859 | Snake:4  | Reached skill level 15 in Dodging
 37034 | Snake:4  | Noticed Bai Suzhen
 37985 | Snake:3  | Noticed holysushi's illusion
 38162 | Snake:4  | Killed Bai Suzhen
 38518 | Snake:4  | Reached XP level 17. HP: 136/138 MP: 18/34
 41397 | Snake:4  | Got a serpentine rune of Zot
 41619 | Snake:3  | Killed Mara
 41907 | Lair:4   | Killed Kesmoz's ghost
 42539 | Swamp:1  | You fall into a shaft and drop 1 floor!
 42881 | Swamp:1  | Reached skill level 16 in Dodging
 43268 | Swamp:2  | Noticed Frances
 43287 | Swamp:2  | Killed Frances
 45087 | Swamp:3  | HP: 3/140 [spriggan rider/+0 spear (5)]
 45348 | Swamp:3  | Noticed Jorgrun
 45358 | Swamp:3  | Killed Jorgrun
 45359 | Swamp:3  | Reached XP level 18. HP: 147/147 MP: 29/35
 45766 | Swamp:4  | Entered Level 4 of the Swamp
 47522 | Swamp:4  | Got a decaying rune of Zot
 47879 | Elf:1    | Entered Level 1 of the Elven Halls
 48226 | Elf:1    | Noticed Azrael
 48322 | Elf:1    | Killed Azrael
 48739 | Elf:1    | Noticed Asterion
 48751 | Elf:1    | Killed Asterion
 49844 | Elf:2    | Paralysed by an air elemental for 1 turns
 49851 | Elf:2    | Paralysed by an air elemental for 1 turns
 50006 | Elf:2    | Paralysed by an air elemental for 1 turns
 50010 | Elf:2    | Paralysed by an air elemental for 1 turns
 50239 | Elf:2    | Paralysed by an air elemental for 1 turns
 50355 | Elf:2    | Paralysed by an air elemental for 1 turns
 50936 | Elf:2    | Found a huge runed translucent gate.
 50936 | Elf:2    | Found a huge runed translucent gate.
 50936 | Elf:2    | Found a huge runed translucent gate.
 50936 | Elf:2    | Found a huge runed translucent gate.
 50939 | Elf:2    | Found a huge runed translucent gate.
 50966 | Elf:2    | Reached skill level 15 in Fighting
 51051 | Elf:3    | Entered Level 3 of the Elven Halls
 51051 | Elf:3    | Found Boegew's Weapon Boutique.
 51136 | Elf:3    | Found Moparo's Jewellery Shop.
 51164 | Elf:3    | Bought the amulet "Munuatz" {Acrobat Dex+6} for 892 gold
                  | pieces
 51239 | Elf:3    | Reached XP level 19. HP: 155/155 MP: 37/37
 51713 | Elf:3    | Paralysed by an air elemental for 1 turns
 51837 | Elf:3    | Found Ewinin's General Store.
 51842 | Elf:3    | Bought a scroll of enchant armour for 127 gold pieces
 51842 | Elf:3    | Bought a scroll of enchant armour for 127 gold pieces
 51844 | Elf:3    | Found Ynezus's General Store.
 52948 | Elf:3    | Reached skill level 17 in Dodging
 52959 | Elf:3    | Identified the +8 scimitar of Arrival {vorpal, Stlth+}
 52959 | Elf:3    | Identified the ring "Corolott" {Fly rElec rF+ Int+2}
 52960 | Elf:3    | Identified the +8 flail "Trog's Hatred" {vorpal, rElec
                  | MP+9}
 53419 | Elf:3    | Identified the +1 plate armour of Kut Hidi {Rampage rF+
                  | rN++}
 53444 | Elf:3    | Identified the +1 plate armour "Imevemp" {+Inv rC+ rN+
                  | Dex-5}
 54788 | Elf:3    | Identified the +1 ring mail "Aneiluph" {rPois}
 54799 | Elf:3    | Identified the +1 scale mail of Bicykum {Will+ Regen+}
 54812 | Elf:3    | Got the Compendium of Transmutation
 55160 | D:10     | Killed domi's ghost
 56083 | Vaults:1 | Entered Level 1 of the Vaults
 56093 | Vaults:1 | Bought a scroll of teleportation for 135 gold pieces
 56095 | Vaults:1 | Bought the ring "Ystrei" {rF+ rCorr Str-2 Int+6} for 1256
                  | gold pieces
 56106 | Vaults:1 | Bought a brightly glowing leather armour for 273 gold
                  | pieces
 56106 | Vaults:1 | Identified the +0 leather armour of Pantheism {Harm rC-
                  | Will+} (You bought it in a shop on level 1 of the Vaults)
 56106 | Vaults:1 | Bought a glowing orb for 468 gold pieces
 56131 | Vaults:1 | Bought a pair of twisted boots for 399 gold pieces
 56131 | Vaults:1 | Identified the +2 pair of boots "Xotut" {+Blink Stlth+}
                  | (You bought it in a shop on level 1 of the Vaults)
 56477 | Vaults:1 | Reached skill level 15 in Spellcasting
 56604 | Vaults:1 | Found Vubbipsu's General Store.
 56706 | Vaults:1 | Found a flickering gateway to a bazaar.
 56716 | Bazaar   | Entered a bazaar
 56915 | Bazaar   | Found Carib's Antique Weapon Boutique.
 56920 | Bazaar   | Found Iqeozu's Armour Shop.
 56927 | Bazaar   | Found Uppusee's Assorted Antiques.
 56931 | Bazaar   | Found Ustoagha's Armour Boutique.
 56935 | Bazaar   | Bought a scroll of torment for 165 gold pieces
 56935 | Bazaar   | Bought a scroll of teleportation for 66 gold pieces
 56935 | Bazaar   | Bought 3 scrolls of enchant armour for 495 gold pieces
 56968 | Bazaar   | Found Tuwn's Antique Armour Shoppe.
 56976 | Bazaar   | Bought an encrusted chain mail for 294 gold pieces
 56976 | Bazaar   | Identified the +10 chain mail "Secwappe" {*Slow Will+
                  | Int+4} (You bought it in a shop in a bazaar)
 57296 | Vaults:1 | Bought a scroll of enchant weapon for 127 gold pieces
 58162 | Vaults:1 | Reached skill level 10 in Stealth
 58872 | Vaults:2 | Reached XP level 20. HP: 146/164 MP: 39/39
 59208 | Vaults:2 | Reached skill level 18 in Dodging
 62644 | Vaults:3 | Identified the ring "Dein" {Contam Str+6 Slay+3 Stlth+}
 63104 | Vaults:3 | Found a staircase to the Crypt.
 63104 | Vaults:3 | Found an ancient bone altar of Kikubaaqudgha.
 63104 | Vaults:3 | Found a basalt altar of Yredelemnul.
 63253 | Vaults:3 | Found Nufit's General Store.
 63261 | Vaults:3 | Bought a scroll of teleportation for 45 gold pieces
 64567 | Vaults:4 | Found Dicud's Armour Shoppe.
 64720 | Vaults:4 | Reached skill level 19 in Dodging
 64739 | Vaults:4 | Reached XP level 21. HP: 108/173 MP: 2/40
 64939 | Vaults:4 | Found Efepiwk's General Store.
 65015 | Vaults:4 | Bought a scroll of teleportation for 60 gold pieces
 65049 | Vaults:4 | Found a flickering gateway to a bazaar.
 65384 | Bazaar   | Entered a bazaar
 65473 | Bazaar   | Found Juet's Book Emporium.
 65474 | Bazaar   | Found Fopn's Weapon Emporium.
 65517 | Bazaar   | Found Siaqukk's General Store.
 65517 | Bazaar   | Found Mukalual's Weapon Shoppe.
 65525 | Bazaar   | Bought a wand of iceblast (5) for 108 gold pieces
 65525 | Bazaar   | Bought a scroll of summoning for 114 gold pieces
 66335 | Vaults:4 | Found a huge runed gate.
 66335 | Vaults:4 | Found a huge runed gate.
 66335 | Vaults:4 | Found a huge runed gate.
 66335 | Vaults:4 | Found a huge runed gate.
 66337 | Vaults:4 | Found a huge runed gate.
 66340 | Vaults:4 | Found a huge runed gate.
 66340 | Vaults:4 | Found a huge runed gate.
 66340 | Vaults:4 | Found a huge runed gate.
 66340 | Vaults:4 | Found a huge runed gate.
 66340 | Vaults:4 | Found a huge runed gate.
 66346 | Vaults:4 | Found a huge runed gate.
 66346 | Vaults:4 | Found a huge runed gate.
 66346 | Vaults:4 | Found a huge runed gate.
 66346 | Vaults:4 | Found a huge runed gate.
 66346 | Vaults:4 | Found a huge runed gate.
 66346 | Vaults:4 | Found a huge runed gate.
 66347 | Vaults:4 | Found a huge runed gate.
 66348 | Vaults:4 | Found a huge runed gate.
 66349 | Vaults:4 | Found a huge runed gate.
 66359 | Vaults:4 | Found a huge runed gate.
 66359 | Vaults:4 | Found a huge runed gate.
 66359 | Vaults:4 | Found a huge runed gate.
 66359 | Vaults:4 | Found a huge runed gate.
 66359 | Vaults:4 | Found a huge runed gate.
 66359 | Vaults:4 | Found a huge runed gate.
 66360 | Vaults:4 | Found a huge runed gate.
 66738 | Vaults:4 | Found a huge runed gate.
 66738 | Vaults:4 | Found a huge runed gate.
 66738 | Vaults:4 | Found a huge runed gate.
 66738 | Vaults:4 | Found a huge runed gate.
 66738 | Vaults:4 | Found a huge runed gate.
 66738 | Vaults:4 | Found a huge runed gate.
 66739 | Vaults:4 | Found a huge runed gate.
 66750 | Vaults:4 | Found a huge runed gate.
 66751 | Vaults:4 | Found a huge runed gate.
 66759 | Vaults:4 | Found a huge runed gate.
 66987 | Vaults:4 | Found Wouhay's Assorted Antiques.
 66995 | Vaults:4 | Bought a scroll of teleportation for 99 gold pieces
 66995 | Vaults:4 | Bought a scroll of enchant weapon for 247 gold pieces
 67439 | Vaults:4 | Noticed a golden dragon
 67741 | Vaults:4 | Killed a golden dragon
 68064 | Vaults:4 | Bought a scroll of summoning for 190 gold pieces
 68114 | Vaults:5 | Entered Level 5 of the Vaults
 68118 | Vaults:5 | Noticed a dread lich
 68538 | Vaults:4 | Found Dicud's Armour Shoppe.
 68890 | Vaults:4 | Found Efepiwk's General Store.
 68922 | Vaults:4 | Found Wouhay's Assorted Antiques.
 69352 | Crypt:1  | Entered Level 1 of the Crypt
 69364 | Vaults:3 | Bought a scroll of poison for 77 gold pieces
 69364 | Vaults:3 | Bought a scroll of enchant armour for 165 gold pieces
 69364 | Vaults:3 | Bought a scroll of teleportation for 66 gold pieces
 69364 | Vaults:3 | Bought a scroll of immolation for 77 gold pieces
 69428 | Vaults:5 | Killed a dread lich
 71290 | Crypt:1  | Found a huge runed translucent gate.
 71299 | Crypt:1  | Found a huge runed translucent gate.
 71299 | Crypt:1  | Found a huge runed translucent gate.
 71299 | Crypt:1  | Found a huge runed translucent gate.
 71315 | Crypt:1  | Found a huge runed translucent gate.
 71315 | Crypt:1  | Found a huge runed translucent gate.
 71315 | Crypt:1  | Found a huge runed translucent gate.
 71317 | Crypt:1  | Found a huge runed translucent gate.
 71317 | Crypt:1  | Found a huge runed translucent gate.
 72142 | Crypt:1  | Reached skill level 20 in Dodging
 72181 | Crypt:1  | Reached skill level 10 in Transmutations
 72205 | Crypt:1  | Reached skill level 10 in Conjurations
 72288 | Crypt:1  | Reached XP level 22. HP: 166/183 MP: 35/41
 74317 | Crypt:2  | Reached skill level 5 in Evocations
 75016 | Crypt:2  | Got Cuoc's Disquisition on Ashen Battle Magic
 75640 | Crypt:3  | Entered Level 3 of the Crypt
 76547 | Vaults:5 | Noticed a golden dragon
 77044 | Vaults:4 | Reached skill level 21 in Dodging
 77230 | Vaults:4 | Killed a golden dragon
 78130 | Vaults:5 | Identified the ring "Aplybut" {Fire Str-2 Int+8 Stlth+}
 79264 | Vaults:5 | Noticed Jory
 79376 | Vaults:5 | Slain by Jory

Illustrated notes

Levels and vault maps discovered:
D:1:      lemuel_arrival_broad_hall, layout_loops_ring, serial_shops, shop,
          minmay_hexomino_f4
D:2:      wad_river_or_something, layout_loops_ring,
          shapermc_ecumenical_altar_venn
D:3:      layout_rooms, mainiacjoe_overflow_two_lobes, vehumet_statue,
          portal_sewer_entry_b, serial_curves, eino_curves_02, eino_curves_01,
          eino_curves_03, eino_curves_01
D:4:      layout_loops_ring, zin_purify, minmay_temple_entry_poolview
D:5:      layout_loops_ring, chequers_temple_overflow_statue_of_worship,
          mainiacjoe_overflow_alcove_2
D:6:      layout_basic, mainiacjoe_overflow_six_doors_small,
          kennysheep_small_square
D:7:      layout_cave_pods, old_standard_altar
D:8:      layout_cave_pools, lair_entry_dummy
D:9:      layout_loops_ring, minmay_overflow_temple_star_quad
D:10:     minmay_angry_zag, layout_irregular_city, orc_0_dummy, enter_bailey_8,
          gammafunk_ghost_spectres, dreamdust_wishing_well
D:11:     layout_gridville, serial_shops, nicolae_square_shop,
          chequers_serial_rivers_micro_d, uniq_gastronok, uniq_nergalle,
          uniq_erolcha
D:12:     layout_roguey, nemelex_spade_bored_becter
D:13:     minmay_roctagon, layout_small_grid, erik_vaults_1
D:14:     layout_roguey, xom_redecorated, portal_ice_cave_entry_pillars_2,
          uniq_kirke, uniq_roxanne
D:15:     gammafunk_enter_depths_forms, layout_loops_ring,
          nicolae_dithmenos_the_darkroom,
          nicolae_uskayaw_murder_on_the_dancefloor
Temple:   compressed_dpeg_triangle_lava_temple
Lair:1:   layout_cave_pods, infiniplex_staircase_pool_2, grunt_megastairs_5
Lair:2:   layout_misc_corridors, kennysheep_abandoned_house, grunt_megastairs_3
Lair:3:   layout_loops_ring, nicolae_lair_grazing_beasts
          [nicolae_sub_lair_graze_edge, nicolae_sub_lair_graze_edge,
          nicolae_sub_lair_graze_edge, nicolae_sub_lair_graze_edge]
Lair:4:   layout_regular_city, swamp_mist_pool, guppyfry_snake_entry_garden,
          ebering_ghost_xom, grunt_megastairs_4
Lair:5:   layout_loops_ring, slime_altar_2, minmay_lair_oklob_items,
          chequers_serial_rivers_large_a, serial_bayou_pond_d, uniq_josephine
Lair:6:   minmay_lair_end_enchanted_forest, layout_big_grid, basic_altar,
          serial_bayou_pond_d, guppyfry_lair_drakes
Swamp:1:  layout_falls_marsh, wheals_swamp_sinkhole, nzn_swamp_blast_mining
Swamp:2:  layout_falls_marsh, nicolae_swamp_oxbows, uniq_frances
Swamp:3:  layout_basic_swamp, evilmike_swamp_ruin_rubble_2, uniq_jorgrun
Swamp:4:  swamp_basic_johnstein, layout_basic_swamp
Snake:1:  layout_cave_pods, serial_shops, shop, serial_nicolae_subway,
          nicolae_sub_station_metal, nicolae_sub_station_stone,
          nicolae_sub_station_crystal, minmay_shop_star
Snake:2:  layout_onion_interference, ebering_ghost_inner_flame
Snake:3:  layout_rooms, basic_altar, uniq_mara, uniq_aizul
Snake:4:  snake_pit_salamanders_mu, layout_misc_corridors,
          nicolae_snake_gridmaze_entwining, uniq_bai_suzhen
Orc:1:    layout_diamond_mine, basic_altar
Orc:2:    st_orc_pillars, layout_caves, nicolae_orc_crystal_geode, uniq_nessos
Elf:1:    nicolae_elf_arrival_no_cutting_in_line, layout_loops_corners,
          minivault_28, uniq_asterion, uniq_azrael
Elf:2:    elven_hall_of_blades_hangedman_alternative
          [nicolae_blade_entry_sentries_behind_glass], layout_loops_corners
Elf:3:    grunt_elf_hall_asides, layout_geoelf_castle, serial_shops,
          shop_fountains, shop, nicolae_shop_hallway_plus,
          nicolae_shop_statue_plus, minmay_misc_feat_pillars
Vaults:1: nicolae_vaults_fighting_squares, vaults_dpeg_diagonal,
          ontoclasm_vaults_decontamination, ontoclasm_vaults_idyll,
          nicolae_vaults_mini_display_case, nicolae_vaults_shelves_hall,
          vaults_dpeg_hooks, layout_vaults_quadrants, serial_shops,
          bzr_firewalk, nicolae_shop_window_shopping
Vaults:2: vaults_mumra_minichess_inversion, hangedman_vaults_river_flow,
          v_misc_31, nicolae_vaults_windows_and_doors_thing, v_misc_27,
          vaults_dpeg_ring, vaults_room_ringed_pool,
          nicolae_vaults_three_branches, nicolae_vaults_asterisk,
          nicolae_vaults_an_arrangement, grunt_vaults_hallway_long, v_misc_22,
          layout_vaults_maze_snakey
Vaults:3: minmay_crypt_entry_necro_gods, grunt_vaults_funneled_arena,
          grunt_vaults_trifunnel, nicolae_vaults_network_barrier, v_misc_27,
          v_misc_16, hangedman_vaults_nails, layout_vaults_omnicross,
          serial_shops, shop
Vaults:4: nicolae_vaults_stairing_the_circle, v_misc_5,
          nicolae_vaults_rhombus_5, ontoclasm_vaults_fault,
          dpeg_vaults_monster_row, nicolae_vaults_little_squares_1, v_misc_18,
          nicolae_vaults_yaktaur_gun_rack, v_misc_16, door_vault, v_misc_1,
          vaults_room_stairs_pillars, layout_vaults_omnibox, serial_shops,
          freezing_bzr, nicolae_diamond_shop, nicolae_diamond_shop, shop
Vaults:5: serial_shops, uniq_jory
Crypt:1:  cheibrodos_crypt_3hun_7po, layout_catacombs, minmay_misc_feat_alley,
          uniq_josephina
Crypt:2:  layout_basic, st_stairs_1
Crypt:3:  due_elkab, layout_chaotic_city, tomb_entry_simple_bobbens,
          st_stairs_7, minivault_11, minmay_misc_feat_cross, uniq_sojobo,
          uniq_khufu

Skill      XL: |  1  2  3  4  5  6  7  8  9 10 11 12 13 14 15 16 17 18 19 20 21 22 |
---------------+-------------------------------------------------------------------+-----
Fighting       | 1 2 3 6 7 8 9 10 11 12 13 14 15 16 17 | 17.8
Unarmed Combat | 1 |  1.8
Necromancy     | 5 6 7 |  7.0
Spellcasting   | 3 4 7 9 10 11 12 13 14 15 | 15.3
Dodging        | 2 3 4 6 7 8 9 11 12 13 15 16 17 19 20 21 | 21.3
Short Blades   | 2 4 5 6 7 8 9 10 12 14 | 14.0
Transmutations | 1 4 5 6 7 8 10 | 10.1
Conjurations   | 2 4 5 6 7 8 10 | 10.2
Stealth        | 2 4 5 7 8 10 | 10.0
Evocations     | 2 3 4 6 |  6.6

Action                   |  1- 3 |  4- 6 |  7- 9 | 10-12 | 13-15 | 16-18 | 19-21 | 22-24 || total
-------------------------+-------+-------+-------+-------+-------+-------+-------+-------++-------
Melee: Unarmed           |    25 |       |       |       |       |       |       |       ||    25
       Punch             |     1 |       |     1 |    28 |    57 |    58 |    65 |    25 ||   235
       Rapier            |       |    36 |   201 |   816 |  1478 |  1715 |  1877 |   472 ||  6595
 Cast: Pain              |    65 |    73 |   155 |   299 |    75 |     8 |     4 |       ||   679
       Vampiric Draining |       |     3 |    20 |   133 |   120 |   108 |    30 |       ||   414
       Animate Skeleton  |       |     1 |       |       |       |       |       |       ||     1
       Irradiate         |       |       |       |     7 |   131 |   252 |   198 |    74 ||   662
       Agony             |       |       |       |       |     3 |    12 |       |       ||    15
       Animate Dead      |       |       |       |       |       |     1 |       |       ||     1
       Blink             |       |       |       |       |       |     1 |       |       ||     1
Invok: Potion Petition   |       |       |       |       |       |     1 |     3 |       ||     4
       Call Merchant     |       |       |       |       |       |       |     8 |       ||     8
Evoke: Wand              |       |       |       |       |     2 |       |     1 |       ||     3
       Phantom mirror    |       |       |       |       |       |       |     1 |     1 ||     2
       Phial of floods   |       |       |       |       |       |       |     1 |       ||     1
       Condenser vane    |       |       |       |       |       |       |       |     2 ||     2
  Use: Scroll            |       |     9 |     3 |     9 |    12 |     4 |    14 |     1 ||    52
 Stab: Sleeping          |     1 |       |     1 |     1 |    15 |    21 |    24 |     7 ||    70
       Distracted        |       |       |       |     5 |     5 |    13 |    28 |     3 ||    54
Armor: Robe              |     3 |    14 |    50 |   175 |   338 |   373 |   199 |    70 ||  1222
Dodge: Dodged            |    17 |    41 |   155 |   531 |  1060 |  1275 |  1424 |   668 ||  5171

Table legend: (Time is in decaauts)
 A = Elapsed time spent in this place.
 B = Non-inter-level travel time spent in this place.
 C = Inter-level travel time spent in this place.
 D = Time resting spent in this place.
 E = Time spent auto-exploring this place.
 F = Levels seen in this place.
 G = Mean time per level.
                   A        B        C        D        E       F      G
               +--------+--------+--------+--------+--------+-----+--------+
         Total |  76051 |  70708 |   5343 |  24412 |  25991 |  48 | 1584.4 |
       Dungeon |  17751 |  15750 |   2001 |   3263 |   8513 |  15 | 1183.4 |
        Temple |    412 |    397 |     15 |      0 |    250 |   1 |  412.0 |
          Lair |  11362 |  10162 |   1200 |   2857 |   3796 |   6 | 1893.7 |
         Swamp |   5195 |   4979 |    216 |   1926 |   1350 |   4 | 1298.8 |
     Snake Pit |   8198 |   7652 |    546 |   3206 |   2119 |   4 | 2049.5 |
  Orcish Mines |   2493 |   2361 |    132 |    261 |   1172 |   2 | 1246.5 |
   Elven Halls |   6770 |   6529 |    241 |   2448 |   1825 |   3 | 2256.7 |
        Vaults |  16714 |  15842 |    872 |   8325 |   4346 |   5 | 3342.8 |
         Crypt |   4767 |   4651 |    116 |   1636 |   1876 |   3 | 1589.0 |
        Bazaar |    433 |    433 |      0 |     26 |    379 |   2 |  216.5 |
         Sewer |    210 |    210 |      0 |     58 |     18 |   1 |  210.0 |
        Bailey |    802 |    802 |      0 |    250 |     21 |   1 |  802.0 |
      Ice Cave |    936 |    936 |      0 |    154 |    324 |   1 |  936.0 |
               +--------+--------+--------+--------+--------+-----+--------+

Top non-repeatable levels by time:
Vaults:4: 7974 daAuts
 Snake:4: 4457 daAuts
   Elf:3: 3686 daAuts
 Crypt:1: 3223 daAuts
Vaults:1: 3159 daAuts
Vaults:3: 3157 daAuts
Vaults:2: 2258 daAuts
  Lair:3: 2164 daAuts
  Lair:5: 2118 daAuts
  Lair:4: 2084 daAuts
  Lair:6: 2081 daAuts
   Elf:1: 1882 daAuts
    D:10: 1770 daAuts
   Orc:2: 1647 daAuts
  Lair:1: 1579 daAuts
